SNL (28 & UNDER)
MONTGOMERY BISCUITS @ SALEM SILVER SOULS
09/22/2024
 
TOP OF THE 1ST
Montgomery Biscuits batting - Pitching for Salem Silver Souls : RHP Pat Wyatt
Pitching: RHP Pat Wyatt
Batting: RHB Juan Díaz 0-0: Called Strike
0-1: Called Strike
0-2: Strikes out swinging
Batting: RHB Carlos Vásquez 0-0: Called Strike
0-1: Ball
1-1: Ground out 5-3 (Groundball, 5)
Batting: RHB Yujiro Kurihara 0-0: SINGLE (Line Drive, 34D)
Batting: SHB Terry O'Farrell 0-0: Called Strike
0-1: SINGLE (Line Drive, 4MD)
Yujiro Kurihara to second
Batting: LHB José Martínez 0-0: Ball
1-0: Ball
2-0: Ball
3-0: Base on Balls
Yujiro Kurihara to third
Terry O'Farrell to second
Batting: RHB Dave Williams 0-0: Fly out, F9 (Flyball, 9M)
Top of the 1st over - 0 run(s), 2 hit(s), 0 error(s), 3 left on base; Montgomery 0 - Salem 0
BOTTOM OF THE 1ST
Salem Silver Souls batting - Pitching for Montgomery Biscuits : LHP Jorge Estrada
Pitching: LHP Jorge Estrada
Batting: RHB Jesús Gutiérrez 0-0: Fly out, F9 (Popup, 9S)
Batting: LHB Ezechiele Bruno 0-0: Ball
1-0: Called Strike
1-1: Foul Ball, location: 2F
1-2: Strikes out looking
Batting: RHB Ron Edwards 0-0: Ball
1-0: Ground out U3 (Groundball, 3S)
Bottom of the 1st over - 0 run(s), 0 hit(s), 0 error(s), 0 left on base; Montgomery 0 - Salem 0
TOP OF THE 2ND
Montgomery Biscuits batting - Pitching for Salem Silver Souls : RHP Pat Wyatt
Batting: LHB Curt Causton 0-0: Ball
1-0: Ball
2-0: Called Strike
2-1: Fly out, F5 (Line Drive, 5S)
Batting: RHB Pete Smith 0-0: Called Strike
0-1: Ball
1-1: Called Strike
1-2: Ball
2-2: Ball
3-2: Fly out, F7 (Flyball, 7LD)
Batting: RHB Peyton Yardley 0-0: Called Strike
0-1: Foul Ball, location: 2F
0-2: Strikes out swinging
Top of the 2nd over - 0 run(s), 0 hit(s), 0 error(s), 0 left on base; Montgomery 0 - Salem 0
BOTTOM OF THE 2ND
Salem Silver Souls batting - Pitching for Montgomery Biscuits : LHP Jorge Estrada
Batting: SHB Todd Smith 0-0: Ball
1-0: Ball
2-0: Ball
3-0: Called Strike
3-1: Foul Ball, location: 2F
3-2: Base on Balls
Batting: LHB Jeff Doss 0-0: Ball
1-0: Foul Ball, location: 2F
1-1: Grounds into double play, U3-6 (Groundball, 3L)
Batting: LHB Raúl Cordero 0-0: Called Strike
0-1: Swinging Strike
0-2: Ball
1-2: DOUBLE (Line Drive, 3D)
Batting: RHB Juan López 0-0: Ball
1-0: Called Strike
1-1: Foul Ball, location: 2F
1-2: Ball
2-2: Ball
3-2: Foul Ball, location: 2F
3-2: Strikes out looking
Bottom of the 2nd over - 0 run(s), 1 hit(s), 0 error(s), 1 left on base; Montgomery 0 - Salem 0
TOP OF THE 3RD
Montgomery Biscuits batting - Pitching for Salem Silver Souls : RHP Pat Wyatt
Batting: RHB Juan Díaz 0-0: Called Strike
0-1: Ball
1-1: SINGLE (Line Drive, 6D)
Batting: RHB Carlos Vásquez 0-0: DOUBLE (Groundball, 5L)
Juan Díaz to third
Runner from 3rd tries for Home, SAFE, no throw or cutoff
Batting: RHB Yujiro Kurihara 0-0: Swinging Strike
0-1: Swinging Strike
0-2: Ball
1-2: Strikes out swinging
Batting: SHB Terry O'Farrell 0-0: Ball
1-0: Swinging Strike
1-1: Fly out, F8 (Line Drive, 8RS)
Batting: LHB José Martínez 0-0: Ball
1-0: Called Strike
1-1: Swinging Strike
1-2: Ball
2-2: Ball
3-2: Base on Balls
Batting: RHB Dave Williams 0-0: Swinging Strike
0-1: Ball
1-1: Ball
2-1: Foul Ball, location: 2F
2-2: Foul Ball, location: 2F
2-2: Strikes out swinging
Top of the 3rd over - 1 run(s), 2 hit(s), 0 error(s), 2 left on base; Montgomery 1 - Salem 0
BOTTOM OF THE 3RD
Salem Silver Souls batting - Pitching for Montgomery Biscuits : LHP Jorge Estrada
Batting: RHB Alejandro Martínez 0-0: Foul Ball, location: 2F
0-1: Ball
1-1: Swinging Strike
1-2: Ground out 2-3 (Groundball, 2R)
Batting: SHB Francis Shaffer 0-0: Ball
1-0: Ball
2-0: Ball
3-0: Called Strike
3-1: Fly out, F7 (Flyball, 78M)
Batting: RHB Jesús Gutiérrez 0-0: Called Strike
0-1: Foul Ball, location: 2F
0-2: Ball
1-2: Ball
2-2: Foul Ball, location: 2F
2-2: Foul Ball, location: 2F
2-2: Foul Ball, location: 2F
2-2: Ball
3-2: DOUBLE (Flyball, 78M)
Batting: LHB Ezechiele Bruno 0-0: Called Strike
0-1: Ball
1-1: Called Strike
1-2: Fly out, F2 (Popup, 25F)
Bottom of the 3rd over - 0 run(s), 1 hit(s), 0 error(s), 1 left on base; Montgomery 1 - Salem 0
TOP OF THE 4TH
Montgomery Biscuits batting - Pitching for Salem Silver Souls : RHP Pat Wyatt
Batting: LHB Curt Causton 0-0: Ball
1-0: Ball
2-0: Ball
3-0: Base on Balls
Batting: RHB Pete Smith 0-0: Foul Ball, location: 2F
0-1: Ball
1-1: Called Strike
1-2: Ball
2-2: Foul Ball, location: 2F
2-2: Foul Ball, location: 2F
2-2: Ball
3-2: Base on Balls
Curt Causton to second
Batting: RHB Peyton Yardley 0-0: Swinging Strike
0-1: Ball
1-1: Foul Ball, location: 2F
1-2: Ball
2-2: Foul Ball, location: 2F
2-2: Foul Ball, location: 2F
2-2: SINGLE (Groundball, 5L) (infield hit)
Curt Causton to third
Pete Smith to second
Batting: RHB Juan Díaz 0-0: Ball
1-0: Ball
2-0: Called Strike
2-1: SINGLE (Groundball, 56D)
Curt Causton scores
Pete Smith to third
Peyton Yardley to second
Batting: RHB Carlos Vásquez 0-0: Ball
1-0: Foul Ball, location: 2F
1-1: Swinging Strike
1-2: Ball
2-2: Ball
3-2: Grounds into double play, U4-3 (Groundball, 4M)
Pete Smith scores
Peyton Yardley to third
Batting: RHB Yujiro Kurihara 0-0: Called Strike
0-1: Swinging Strike
0-2: Ball
1-2: Foul Ball, location: 2F
1-2: Ball
2-2: Foul Ball, location: 2F
2-2: Strikes out swinging
Top of the 4th over - 2 run(s), 2 hit(s), 0 error(s), 1 left on base; Montgomery 3 - Salem 0
BOTTOM OF THE 4TH
Salem Silver Souls batting - Pitching for Montgomery Biscuits : LHP Jorge Estrada
Batting: RHB Ron Edwards 0-0: Ball
1-0: Ground out 4-3 (Groundball, 4M)
Batting: SHB Todd Smith 0-0: Foul Ball, location: 2F
0-1: DOUBLE (Flyball, 89XD)
Batting: LHB Jeff Doss 0-0: Ball
1-0: Called Strike
1-1: Swinging Strike
1-2: SINGLE (Line Drive, 8LS)
Todd Smith to third
Runner from 3rd tries for Home, SAFE, throw made home
Batting: LHB Raúl Cordero 0-0: Called Strike
0-1: Ball
Wild Pitch!
Jeff Doss to second
1-1: Ball
2-1: Called Strike
Jeff Doss steals 3rd base
2-2: DOUBLE (Line Drive, 8RD)
Jeff Doss scores
Batting: RHB Juan López 0-0: Called Strike
0-1: Foul Ball, location: 2F
0-2: Strikes out looking
Batting: RHB Alejandro Martínez 0-0: Ball
1-0: Swinging Strike
1-1: Called Strike
1-2: Strikes out swinging
Bottom of the 4th over - 2 run(s), 3 hit(s), 0 error(s), 1 left on base; Montgomery 3 - Salem 2
TOP OF THE 5TH
Montgomery Biscuits batting - Pitching for Salem Silver Souls : RHP Pat Wyatt
Batting: SHB Terry O'Farrell 0-0: Ball
1-0: Ball
2-0: Called Strike
2-1: Ball
3-1: Base on Balls
Batting: LHB José Martínez 0-0: Called Strike
0-1: Called Strike
0-2: Ball
1-2: Strikes out swinging
Pitching: LHP Rob Greene
Batting: RHB Dave Williams 0-0: Called Strike
0-1: Ground out 5-3 (Groundball, 56)
Terry O'Farrell to second
Batting: LHB Curt Causton 0-0: Called Strike
0-1: Ball
1-1: Called Strike
1-2: Strikes out looking
Top of the 5th over - 0 run(s), 0 hit(s), 0 error(s), 1 left on base; Montgomery 3 - Salem 2
BOTTOM OF THE 5TH
Salem Silver Souls batting - Pitching for Montgomery Biscuits : LHP Jorge Estrada
Batting: SHB Francis Shaffer 0-0: Foul Ball, location: 2F
0-1: Ball
1-1: Foul Ball, location: 2F
1-2: Fly out, F9 (Popup, 34D)
Batting: RHB Jesús Gutiérrez 0-0: Foul Ball, location: 2F
0-1: Ball
1-1: Foul Ball, location: 2F
1-2: Foul Ball, location: 2F
1-2: Strikes out swinging
Batting: LHB Ezechiele Bruno 0-0: Called Strike
0-1: Ball
1-1: Ground out 1-3 (Groundball, 13S)
Bottom of the 5th over - 0 run(s), 0 hit(s), 0 error(s), 0 left on base; Montgomery 3 - Salem 2
TOP OF THE 6TH
Montgomery Biscuits batting - Pitching for Salem Silver Souls : LHP Rob Greene
Batting: RHB Pete Smith 0-0: Foul Ball, location: 2F
0-1: DOUBLE (Line Drive, 7LM)
Batting: RHB Peyton Yardley 0-0: Called Strike
0-1: Foul Ball, location: 2F
0-2: DOUBLE (Line Drive, 7LS)
Pete Smith scores
Batting: RHB Juan Díaz 0-0: Intentional Walk
Batting: RHB Carlos Vásquez 0-0: Ball
1-0: Called Strike
1-1: Called Strike
1-2: Strikes out swinging
Batting: RHB Yujiro Kurihara 0-0: Ball
1-0: Ball
2-0: Ball
3-0: Called Strike
3-1: Foul Ball, location: 2F
3-2: Ground out 2-3 (Groundball, 25)
Peyton Yardley to third
Juan Díaz to second
Batting: SHB Terry O'Farrell 0-0: Fly out, F7 (Line Drive, 78S)
Top of the 6th over - 1 run(s), 2 hit(s), 0 error(s), 2 left on base; Montgomery 4 - Salem 2
BOTTOM OF THE 6TH
Salem Silver Souls batting - Pitching for Montgomery Biscuits : LHP Jorge Estrada
Pitching: RHP Rick Grant
Batting: RHB Ron Edwards 0-0: Ball
1-0: Swinging Strike
1-1: Swinging Strike
1-2: Strikes out looking
Batting: SHB Todd Smith 0-0: Ball
1-0: Ball
2-0: Ball
3-0: Base on Balls
Batting: LHB Jeff Doss 0-0: Ball
1-0: Ball
2-0: Fielders Choice at 2nd, 4-6 (Groundball, 34)
Batting: LHB Raúl Cordero 0-0: Called Strike
0-1: Swinging Strike
0-2: Ball
Jeff Doss is caught stealing 2nd base
Bottom of the 6th over - 0 run(s), 0 hit(s), 0 error(s), 0 left on base; Montgomery 4 - Salem 2
TOP OF THE 7TH
Montgomery Biscuits batting - Pitching for Salem Silver Souls : LHP Rob Greene
Batting: LHB José Martínez 0-0: Ball
1-0: Called Strike
1-1: Swinging Strike
1-2: Ball
2-2: Foul Ball, location: 2F
2-2: Foul Ball, location: 2F
2-2: Strikes out swinging
Pitching: RHP Luis Fernández
Batting: RHB Dave Williams 0-0: Ball
1-0: Ball
2-0: SINGLE (Line Drive, 34D)
Pitching: LHP Pat Candelária
Batting: LHB Curt Causton 0-0: Swinging Strike
0-1: Foul Ball, location: 2F
0-2: Ball
1-2: Strikes out looking
Pitching: RHP Javier Valenzuela
Batting: RHB Pete Smith 0-0: Ball
1-0: Ball
2-0: Swinging Strike
2-1: Foul Ball, location: 2F
2-2: Ball
3-2: Foul Ball, location: 2F
3-2: Foul Ball, location: 2F
3-2: Foul Ball, location: 2F
3-2: Base on Balls
Dave Williams to second
Pinch Hitting: LHB Curt Walker 0-0: Called Strike
0-1: Foul Ball, location: 2F
0-2: Ball
1-2: Ball
2-2: Foul Ball, location: 2F
2-2: Strikes out looking
Top of the 7th over - 0 run(s), 1 hit(s), 0 error(s), 2 left on base; Montgomery 4 - Salem 2
BOTTOM OF THE 7TH
Salem Silver Souls batting - Pitching for Montgomery Biscuits : RHP Rick Grant
Now in RF: Warren Martin
Batting: LHB Raúl Cordero 0-0: Called Strike
0-1: Ball
1-1: Foul Ball, location: 2F
1-2: Ball
2-2: Ground out U3 (Groundball, 3)
Batting: RHB Juan López 0-0: Called Strike
0-1: Swinging Strike
0-2: Ball
1-2: Ball
2-2: Ball
3-2: Base on Balls
Batting: RHB Alejandro Martínez 0-0: Foul Ball, location: 2F
0-1: Ball
1-1: Swinging Strike
1-2: Ground out 4-3 (Groundball, 4M)
Juan López to second
Batting: SHB Francis Shaffer 0-0: Ball
1-0: Ball
2-0: Ball
3-0: Called Strike
3-1: DOUBLE (Line Drive, 9M)
Juan López scores
Pinch Hitting: RHB Lonson Seals 0-0: Ball
1-0: SINGLE (Groundball, 34D)
Francis Shaffer to third
Runner from 3rd tries for Home, SAFE, no throw or cutoff
Batting: LHB Ezechiele Bruno 0-0: Called Strike
0-1: Swinging Strike
0-2: Strikes out swinging
Bottom of the 7th over - 2 run(s), 2 hit(s), 0 error(s), 1 left on base; Montgomery 4 - Salem 4
TOP OF THE 8TH
Montgomery Biscuits batting - Pitching for Salem Silver Souls : RHP Javier Valenzuela
Now at 2B: Lonson Seals
Batting: RHB Juan Díaz 0-0: Ball
1-0: Swinging Strike
1-1: Ball
2-1: Called Strike
2-2: Strikes out swinging
Pinch Hitting: SHB Orlando Aguilar 0-0: Ball
1-0: Called Strike
1-1: Ball
2-1: Foul Ball, location: 2F
2-2: Foul Ball, location: 2F
2-2: Ball
3-2: Base on Balls
Batting: RHB Yujiro Kurihara 0-0: Foul Ball, location: 2F
0-1: Ball
1-1: Foul Ball, location: 2F
1-2: Ball
2-2: Ball
3-2: Base on Balls
Orlando Aguilar to second
Batting: SHB Terry O'Farrell 0-0: Fly out, F4 (Popup, 34D)
Batting: LHB José Martínez 0-0: Ball
1-0: Fielders Choice at 2nd, 5-4 (Groundball, 56)
Top of the 8th over - 0 run(s), 0 hit(s), 0 error(s), 1 left on base; Montgomery 4 - Salem 4
BOTTOM OF THE 8TH
Salem Silver Souls batting - Pitching for Montgomery Biscuits : RHP Rick Grant
Pitching: RHP Félix Andrade
Now at SS: Lawrence Farley
Pinch Hitting: LHB Millard Dye 0-0: Called Strike
0-1: Called Strike
0-2: Ball
1-2: Strikes out swinging
Batting: SHB Todd Smith 0-0: Ball
1-0: Fly out, F5 (Popup, 5F)
Batting: LHB Jeff Doss 0-0: Ground out 4-3 (Groundball, 4)
Bottom of the 8th over - 0 run(s), 0 hit(s), 0 error(s), 0 left on base; Montgomery 4 - Salem 4
TOP OF THE 9TH
Montgomery Biscuits batting - Pitching for Salem Silver Souls : RHP Javier Valenzuela
Pitching: RHP Dave Woods
Now in LF: Anthony Wells
Pinch Hitting: LHB Brian MacIntosh 0-0: Ball
1-0: Called Strike
1-1: Ball
2-1: Foul Ball, location: 2F
2-2: Strikes out swinging
Batting: LHB Curt Causton 0-0: Called Strike
0-1: Ball
1-1: SINGLE (Flyball, 8LS) - OUT at second base trying to stretch hit.
Batting: RHB Pete Smith 0-0: Called Strike
0-1: SINGLE (Line Drive, 78S)
Batting: RHB Warren Martin 0-0: Ball
1-0: Called Strike
1-1: Called Strike
1-2: Fielders Choice at 2nd, U4 (Groundball, 4M)
Top of the 9th over - 0 run(s), 2 hit(s), 0 error(s), 1 left on base; Montgomery 4 - Salem 4
BOTTOM OF THE 9TH
Salem Silver Souls batting - Pitching for Montgomery Biscuits : RHP Félix Andrade
Pitching: RHP Guillermo Lozano
Now at 2B: Roy Ayers
Batting: LHB Raúl Cordero 0-0: Ball
1-0: Ball
2-0: Fly out, F7 (Flyball, 7LM)
Batting: RHB Juan López 0-0: Called Strike
0-1: Swinging Strike
0-2: Ball
1-2: Ground out 6-3 (Groundball, 6)
Batting: RHB Alejandro Martínez 0-0: Ball
1-0: Swinging Strike
1-1: Ground out 3-1 (Groundball, 34)
Bottom of the 9th over - 0 run(s), 0 hit(s), 0 error(s), 0 left on base; Montgomery 4 - Salem 4
TOP OF THE 10TH
Montgomery Biscuits batting - Pitching for Salem Silver Souls : RHP Dave Woods
Batting: RHB Juan Díaz 0-0: Called Strike
0-1: Ball
1-1: Foul Ball, location: 2F
1-2: Strikes out looking
Pinch Hitting: SHB Jack Estes 0-0: Ball
1-0: Ground out 4-3 (Groundball, 4)
Batting: RHB Yujiro Kurihara 0-0: Called Strike
0-1: Ball
1-1: SINGLE (Flyball, 9S)
Pitching: LHP Francisco Nieto
Batting: SHB Terry O'Farrell 0-0: Called Strike
0-1: Ball
1-1: Swinging Strike
1-2: Foul Ball, location: 2F
1-2: Ball
2-2: Foul Ball, location: 2F
2-2: Foul Ball, location: 2F
2-2: Ball
3-2: Foul Ball, location: 2F
3-2: Ground out 5-3 (Groundball, 15S)
Top of the 10th over - 0 run(s), 1 hit(s), 0 error(s), 1 left on base; Montgomery 4 - Salem 4
BOTTOM OF THE 10TH
Salem Silver Souls batting - Pitching for Montgomery Biscuits : RHP Guillermo Lozano
Now at SS: Jack Estes
Pinch Hitting: RHB Gabriel Miranda 0-0: Ball
1-0: Ball
2-0: Ground out 6-3 (Groundball, 6M)
Batting: RHB Lonson Seals 0-0: Ground out U3 (Groundball, 3L)
Batting: LHB Ezechiele Bruno 0-0: Fly out, F8 (Flyball, 78M)
Bottom of the 10th over - 0 run(s), 0 hit(s), 0 error(s), 0 left on base; Montgomery 4 - Salem 4
TOP OF THE 11TH
Montgomery Biscuits batting - Pitching for Salem Silver Souls : LHP Francisco Nieto
Now at 3B: Gabriel Miranda
Batting: LHB José Martínez 0-0: Ball
1-0: Ball
2-0: Foul Ball, location: 2F
2-1: Ball
3-1: Called Strike
3-2: Foul Ball, location: 2F
3-2: SINGLE (Flyball, 8LS)
Pinch Hitting: RHB Raúl Alejándrez 0-0: Sac Bunt - play at first, batter OUT! 1-4
José Martínez to second
Batting: LHB Curt Causton 0-0: Foul Ball, location: 2F
0-1: Foul Ball, location: 2F
0-2: Strikes out swinging
Batting: RHB Pete Smith 0-0: Ball
1-0: Ball
2-0: Ball
3-0: Called Strike
3-1: DOUBLE (Flyball, 89D)
José Martínez scores
Batting: RHB Warren Martin 0-0: Ball
1-0: Ball
2-0: Ball
3-0: Called Strike
3-1: Called Strike
3-2: SINGLE (Groundball, 15) (infield hit)
Pete Smith to third
Batting: RHB Juan Díaz 0-0: Ball
1-0: SINGLE (Line Drive, 56D)
Pete Smith scores
Warren Martin to second
Batting: SHB Jack Estes 0-0: Ball
1-0: Called Strike
1-1: Ball
2-1: Swinging Strike
2-2: Strikes out swinging
Top of the 11th over - 2 run(s), 4 hit(s), 0 error(s), 2 left on base; Montgomery 6 - Salem 4
BOTTOM OF THE 11TH
Salem Silver Souls batting - Pitching for Montgomery Biscuits : RHP Guillermo Lozano
Pitching: RHP Esteban Alfonzo
Now at 2B: Raúl Alejándrez
Batting: RHB Anthony Wells 0-0: Ball
1-0: Swinging Strike
1-1: Ball
2-1: Foul Ball, location: 2F
2-2: Foul Ball, location: 2F
2-2: Strikes out looking
Batting: SHB Todd Smith 0-0: Ball
1-0: Called Strike
1-1: SINGLE (Groundball, 3D)
Batting: LHB Jeff Doss 0-0: Foul Ball, location: 2F
0-1: Ball
1-1: Swinging Strike
1-2: Strikes out swinging
Batting: LHB Raúl Cordero 0-0: Called Strike
0-1: Ball
1-1: Ball
2-1: Ball
3-1: Foul Ball, location: 2F
3-2: Strikes out swinging
Bottom of the 11th over - 0 run(s), 1 hit(s), 0 error(s), 1 left on base; Montgomery 6 - Salem 4
This league is powered by Out of the Park Baseball, the baseball management simulation game for PC, Mac and Linux
Saturday, April 9th, 2016 - OOTP Baseball 16.8 Build 38